 Dungeon Crawl Stone Soup version 0.19-a0-442-g8935a21 (webtiles) character file.

347 Ordine the Cudgeler (level 6, 15/37 HPs)
             Began as a Gargoyle Fighter on June 1, 2016.
             Quit the game on level 4 of the Dungeon.
             The game lasted 00:09:02 (2244 turns).

Ordine the Cudgeler (Gargoyle Fighter)              Turns: 2244, Time: 00:09:03

Health: 15/37      AC: 11    Str: 19    XL:     6   Next: 59%
Magic:  6/6        EV:  8    Int:  9    God:
Gold:   189        SH: 10    Dex: 11    Spells: 0 memorised, 5 levels left

rFire  . . .     SeeInvis .     a - +1 flail
rCold  . . .     Gourm    .     s - +0 ring mail
rNeg   + . .     Faith    .     c - +1 shield
rPois  ∞         Spirit   .     (no helmet)
rElec  +         Dismiss  .     o - +0 cloak
rCorr  .         Reflect  .     (no gloves)
SustAt .         Harm     .     (no boots)
MR     .....                    (no amulet)
Stlth  +.........               (no ring)
                                (no ring)

@: not resistant to hostile enchantments, very unstealthy
A: negative energy resistance 1, electricity resistance, unbreathing,
petrification resistance, rot immunity, AC +4
a: no special abilities


You were on level 4 of the Dungeon.
You were hungry.

You visited 1 branch of the dungeon, and saw 4 of its levels.

You collected 189 gold pieces.

Inventory:

Hand Weapons
 a - a +1 flail (weapon)
Armour
 c - a +1 shield (worn)
 o - a +0 cloak (worn)
 s - a +0 ring mail (worn)
Scrolls
 g - 2 scrolls of noise
 j - 2 scrolls of remove curse
 k - a scroll of enchant armour
 m - a scroll of teleportation
 p - a scroll of fog
 q - a scroll of recharging
Potions
 d - a potion of might
 h - a potion of agility
 r - a potion of cure mutation
Comestibles
 f - 4 bread rations
 l - a meat ration


   Skills:
 - Level 3.2 Fighting
 * Level 5.7 Maces & Flails
 - Level 3.2 Armour
 + Level 5.1 Shields


You had 5 spell levels left.
You didn't know any spells.

Dungeon Overview and Level Annotations

Branches:
Dungeon (4/15)
 Temple: D:4-7

Altars:
Nemelex Xobeh
Vehumet
The Shining One


Innate Abilities, Weirdness & Mutations

You are resistant to torment.
Your stone body is resilient. (AC +4)
You are immune to poison.
You resist negative energy. (rN+)
You are resistant to electric shocks. (rElec)
You can survive without breathing.
You are immune to petrification.
You are immune to rotting.


Message History

You sock Grinder!
You kill Grinder!
Your Maces & Flails skill increases to level 5!
Your Shields skill increases to level 5!
You have reached level 6!
Your experience leads to an increase in your attributes!
Increase (S)trength, (I)ntelligence, or (D)exterity?
You feel agile.
You start resting.
You hear the slow hiss of an avalanche of sand.
You start resting.
You hear the slow hiss of an avalanche of sand.
You pace your travel speed to your slowest ally.
Unknown command.
You travel at normal speed.
Unknown command.
You are a level 6 Gargoyle Fighter.
You are 59% of the way to level 7.
Play time: 00:08:24 (2244 turns)
Enter note: Fucking borin Are you sure you want to abandon this character and quit the game? (Confirm with "yes".)

.. .## ...#
...# ....#
####...##
#####>......#
#......##.#.#
#.###.@#
#<#...........
#.#.......#.##
##########.(
..# .# #


There were no monsters in sight!

Vanquished Creatures
  Grinder (D:4)
  A worker ant (D:4)
  3 adders
  2 worms (D:2)
  5 dart slugs
  2 giant geckos
  6 orcs
  6 bats
  4 giant cockroaches
  11 hobgoblins
  2 jackals (D:3)
  9 goblins
  A jackal skeleton (D:4)
  8 kobolds
  8 rats
69 creatures vanquished.

Notes
Turn   | Place    | Note
--------------------------------------------------------------
     0 | D:1      | Ordine the Gargoyle Fighter began the quest for the Orb.
     0 | D:1      | Reached XP level 1. HP: 14/14 MP: 1/1
   216 | D:1      | Reached XP level 2. HP: 19/19 MP: 2/2
   429 | D:1      | Reached XP level 3. HP: 5/23 MP: 3/3
  1169 | D:2      | Found a sparkling altar of Nemelex Xobeh.
  1217 | D:2      | Reached XP level 4. HP: 27/28 MP: 4/4
  1224 | D:2      | Found a radiant altar of Vehumet.
  1649 | D:3      | Found a glowing golden altar of the Shining One.
  1878 | D:3      | Reached XP level 5. HP: 32/32 MP: 5/5
  2103 | D:4      | Noticed Grinder
  2143 | D:4      | Paralysed by Grinder for 7 turns
  2158 | D:4      | Killed Grinder
  2158 | D:4      | Reached skill level 5 in Maces & Flails
  2158 | D:4      | Reached skill level 5 in Shields
  2158 | D:4      | Reached XP level 6. HP: 5/37 MP: 6/6
  2244 | D:4      | Fucking borin
  2244 | D:4      | Quit the game

Vault maps used:
D:1:      minmay_arrival_open_corners
D:2:      vehumet_crystals, nemelex_xobeh_ov_fountains_minmay, nrook_mini_vaults
D:3:      first_bread, tso_metal_star
D:4:      fedhas_altar_3, temple_pool_a, chequers_ossuary_entry_cave,
          roderic_aztec_sauvastika, uniq_duvessa, uniq_grinder

Skill      XL: |  1  2  3  4  5 |
---------------+----------------+-----
Maces & Flails | 3 4 5 |  5.7
Shields        | 4 5 |  5.1
Fighting       | |  3.2
Armour         | |  3.2

Action                   |  1- 3 |  4- 6 || total
-------------------------+-------+-------++-------
Melee: Flail             |   113 |   162 ||   275
  Use: Scroll            |     9 |     4 ||    13
       Potion            |       |     2 ||     2
  Eat: Chunk             |     1 |     3 ||     4
Armor: Scale mail        |    77 |    59 ||   136
       Ring mail         |       |    19 ||    19
       Skin              |       |     3 ||     3
Dodge: Dodged            |    39 |    60 ||    99
Block: Shield            |    72 |   115 ||   187
